| TOP OF THE 1ST |
|
Corpus Christi Hooks batting - Pitching for Chattanooga Lookouts : RHP Bud Puffer
|
|
Pitching: RHP Bud Puffer
|
|
|
Batting: LHB Kelvin Jones
|
0-0: Fly out, F8 (Flyball, 89S, EV 83.8 MPH)
|
|
Batting: RHB Workneh Lagat
|
0-0: Called Strike 0-1: Foul Ball, location: 2F 0-2: Foul Ball, location: 2F 0-2: Strikes out swinging
|
|
Batting: RHB Elijah Hunter
|
0-0: Called Strike 0-1: Fly out, F8 (Flyball, 8RD, EV 95.0 MPH)
|
| Top of the 1st over - 0 runs, 0 hits, 0 errors, 0 left on base; Corpus Christi 0 - Chattanooga 0 |
| BOTTOM OF THE 1ST |
|
Chattanooga Lookouts batting - Pitching for Corpus Christi Hooks : RHP Moises Hernandez Jr.
|
|
Pitching: RHP Moises Hernandez Jr.
|
|
|
Batting: LHB Peer Derks
|
0-0: Ball 1-0: Ground out 4-3 (Groundball, 4, EV 88.1 MPH)
|
|
Batting: RHB J.J. Powers
|
0-0: Ball 1-0: Ball 2-0: Foul Ball, location: 2F 2-1: Ground out 5-3 (Groundball, 56S, EV 85.6 MPH)
|
|
Batting: RHB Miguel Diaz
|
0-0: Ball 1-0: Called Strike 1-1: Ground out 6-3 (Groundball, 6, EV 82.5 MPH)
|
| Bottom of the 1st over - 0 runs, 0 hits, 0 errors, 0 left on base; Corpus Christi 0 - Chattanooga 0 |
| TOP OF THE 2ND |
|
Corpus Christi Hooks batting - Pitching for Chattanooga Lookouts : RHP Bud Puffer
|
|
Batting: RHB Bruce Bermudez
|
0-0: Ground out 6-3 (Groundball, 56, EV 104.4 MPH)
|
|
Batting: SHB Paskar Adegoke
|
0-0: Ball 1-0: Foul Ball, location: 2F 1-1: Ball 2-1: Ground out 4-3 (Groundball, 4D, EV 89.4 MPH)
|
|
Batting: LHB Jimmy Edlin
|
0-0: Called Strike 0-1: Ball 1-1: Swinging Strike 1-2: Strikes out swinging
|
| Top of the 2nd over - 0 runs, 0 hits, 0 errors, 0 left on base; Corpus Christi 0 - Chattanooga 0 |
| BOTTOM OF THE 2ND |
|
Chattanooga Lookouts batting - Pitching for Corpus Christi Hooks : RHP Moises Hernandez Jr.
|
|
Batting: RHB Matt Dunn
|
0-0: Called Strike 0-1: Fly out, F8 (Flyball, 8LD, EV 101.9 MPH)
|
|
Batting: RHB Jesse Scott
|
0-0: Ball 1-0: Foul Ball, location: 2F 1-1: Ball 2-1: Foul Ball, location: 2F 2-2: Ball 3-2: SINGLE (Groundball, 6MD, EV 100.6 MPH)
|
|
Batting: RHB Manuel Juarez
|
0-0: Ball 1-0: Ball Jesse Scott steals 2nd base 2-0: Fly out, F9 (Flyball, 9LMF, EV 80.6 MPH) Runner from 2nd tags up, SAFE at 3rd with throw by RF
|
|
Batting: LHB Jim Pankratz
|
0-0: Ball 1-0: Swinging Strike 1-1: Swinging Strike 1-2: Foul Ball, location: 2F 1-2: Ball 2-2: Ball 3-2: Ground out 6-3 (Groundball, 6, EV 108.1 MPH)
|
| Bottom of the 2nd over - 0 runs, 1 hit, 0 errors, 1 left on base; Corpus Christi 0 - Chattanooga 0 |
| TOP OF THE 3RD |
|
Corpus Christi Hooks batting - Pitching for Chattanooga Lookouts : RHP Bud Puffer
|
|
Batting: RHB Sam Spohn
|
0-0: Foul Ball, location: 2F 0-1: Called Strike 0-2: Foul Ball, location: 2F 0-2: Strikes out swinging
|
|
Batting: LHB Bob Dietz
|
0-0: Ball 1-0: Swinging Strike 1-1: Ground out 4-3 (Groundball, 4, EV 85.0 MPH)
|
|
Batting: RHB Masaru Konno
|
0-0: Ball 1-0: Swinging Strike 1-1: Ground out 4-3 (Groundball, 34, EV 82.5 MPH)
|
| Top of the 3rd over - 0 runs, 0 hits, 0 errors, 0 left on base; Corpus Christi 0 - Chattanooga 0 |
| BOTTOM OF THE 3RD |
|
Chattanooga Lookouts batting - Pitching for Corpus Christi Hooks : RHP Moises Hernandez Jr.
|
|
Batting: SHB Ian Thompson
|
0-0: Ball 1-0: Ball 2-0: Called Strike 2-1: Ball 3-1: Ground out 4-3 (Groundball, 4, EV 104.4 MPH)
|
|
Batting: RHB Tony Rivera
|
0-0: Fly out, F9 (Flyball, 9, EV 90.0 MPH)
|
|
Batting: LHB Peer Derks
|
0-0: Called Strike 0-1: Swinging Strike 0-2: SINGLE (Groundball, 6D, EV 101.9 MPH)
|
|
Batting: RHB J.J. Powers
|
0-0: Ball 1-0: Ball 2-0: Ball 3-0: Called Strike 3-1: Swinging Strike 3-2: Foul Ball, location: 2F 3-2: Foul Ball, location: 2F 3-2: Foul Ball, location: 2F 3-2: Base on Balls Peer Derks to second
|
|
Batting: RHB Miguel Diaz
|
0-0: Called Strike 0-1: SINGLE (Line Drive, 89S, EV 90.6 MPH) Peer Derks to third J.J. Powers to second Runner from 3rd tries for Home, SAFE, throw by RF to home
|
|
Batting: RHB Matt Dunn
|
0-0: Foul Ball, location: 2F 0-1: Called Strike 0-2: Foul Ball, location: 2F 0-2: Ball 1-2: Ball 2-2: Ball 3-2: Foul Ball, location: 2F 3-2: Foul Ball, location: 2F 3-2: Fly out, F7 (Line Drive, 7S, EV 96.9 MPH)
|
| Bottom of the 3rd over - 1 run, 2 hits, 0 errors, 2 left on base; Corpus Christi 0 - Chattanooga 1 |
| TOP OF THE 4TH |
|
Corpus Christi Hooks batting - Pitching for Chattanooga Lookouts : RHP Bud Puffer
|
|
Batting: LHB Kelvin Jones
|
0-0: Ball 1-0: Foul Ball, location: 2F 1-1: Called Strike 1-2: Foul Ball, location: 2F 1-2: Strikes out swinging
|
|
Batting: RHB Workneh Lagat
|
0-0: Called Strike 0-1: Ball 1-1: Foul Ball, location: 2F 1-2: Ground out 5-3 (Groundball, 56, EV 78.8 MPH)
|
|
Batting: RHB Elijah Hunter
|
0-0: Ball 1-0: Called Strike 1-1: Swinging Strike 1-2: Ball 2-2: Ground out 5-3 (Groundball, 5S, EV 80.0 MPH)
|
| Top of the 4th over - 0 runs, 0 hits, 0 errors, 0 left on base; Corpus Christi 0 - Chattanooga 1 |
| BOTTOM OF THE 4TH |
|
Chattanooga Lookouts batting - Pitching for Corpus Christi Hooks : RHP Moises Hernandez Jr.
|
|
Batting: RHB Jesse Scott
|
0-0: Ball 1-0: Called Strike 1-1: Swinging Strike 1-2: Strikes out swinging
|
|
Batting: RHB Manuel Juarez
|
0-0: Swinging Strike 0-1: Ball 1-1: TRIPLE (Line Drive, 89XD, EV 105.0 MPH)
|
|
Batting: LHB Jim Pankratz
|
0-0: Ball 1-0: Called Strike 1-1: Fly out, F7 (Flyball, 7, EV 81.9 MPH)
|
|
Batting: SHB Ian Thompson
|
0-0: Called Strike 0-1: Ball 1-1: Called Strike 1-2: Foul Ball, location: 2F 1-2: Ball 2-2: Strikes out swinging
|
| Bottom of the 4th over - 0 runs, 1 hit, 0 errors, 1 left on base; Corpus Christi 0 - Chattanooga 1 |
| TOP OF THE 5TH |
|
Corpus Christi Hooks batting - Pitching for Chattanooga Lookouts : RHP Bud Puffer
|
|
Batting: RHB Bruce Bermudez
|
0-0: Ball 1-0: Fly out, F4 (Line Drive, 4M, EV 71.9 MPH)
|
|
Batting: SHB Paskar Adegoke
|
0-0: Ground out 6-3 (Groundball, 6MS, EV 78.8 MPH)
|
|
Batting: LHB Jimmy Edlin
|
0-0: Swinging Strike 0-1: Ball 1-1: Called Strike 1-2: Ball 2-2: Foul Ball, location: 2F 2-2: Ball 3-2: Strikes out swinging
|
| Top of the 5th over - 0 runs, 0 hits, 0 errors, 0 left on base; Corpus Christi 0 - Chattanooga 1 |
| BOTTOM OF THE 5TH |
|
Chattanooga Lookouts batting - Pitching for Corpus Christi Hooks : RHP Moises Hernandez Jr.
|
|
Batting: RHB Tony Rivera
|
0-0: Ball 1-0: Ground out 4-3 (Groundball, 4M, EV 93.8 MPH)
|
|
Batting: LHB Peer Derks
|
0-0: Ball 1-0: Ball 2-0: Called Strike 2-1: Ground out 1-3 (Groundball, 34S, EV 65.6 MPH)
|
|
Batting: RHB J.J. Powers
|
0-0: Ball 1-0: Called Strike 1-1: Ball 2-1: Called Strike 2-2: Strikes out swinging
|
| Bottom of the 5th over - 0 runs, 0 hits, 0 errors, 0 left on base; Corpus Christi 0 - Chattanooga 1 |
| TOP OF THE 6TH |
|
Corpus Christi Hooks batting - Pitching for Chattanooga Lookouts : RHP Bud Puffer
|
|
Batting: RHB Sam Spohn
|
0-0: Ball 1-0: Ball 2-0: Ball 3-0: Base on Balls
|
|
Batting: LHB Bob Dietz
|
0-0: Called Strike 0-1: Swinging Strike 0-2: Strikes out looking
|
|
Batting: RHB Masaru Konno
|
0-0: SINGLE (Groundball, 4M, EV 82.5 MPH) (infield hit) Sam Spohn to second
|
|
Batting: LHB Kelvin Jones
|
0-0: SINGLE (Groundball, 56, EV 95.0 MPH) Sam Spohn to third Masaru Konno to second
|
|
Batting: RHB Workneh Lagat
|
0-0: Ball 1-0: Ball 2-0: Ball 3-0: Called Strike 3-1: Grounds into double play, 6-2-3 (Groundball, 56, EV 87.5 MPH)
|
| Top of the 6th over - 0 runs, 2 hits, 0 errors, 2 left on base; Corpus Christi 0 - Chattanooga 1 |
| BOTTOM OF THE 6TH |
|
Chattanooga Lookouts batting - Pitching for Corpus Christi Hooks : RHP Moises Hernandez Jr.
|
|
Batting: RHB Miguel Diaz
|
0-0: Called Strike 0-1: Ball 1-1: Ball 2-1: Ball 3-1: Swinging Strike 3-2: Foul Ball, location: 2F 3-2: Ground out 5-3 (Groundball, 56, EV 84.4 MPH)
|
|
Pitching: RHP Joe Rivin
|
|
|
Batting: RHB Matt Dunn
|
0-0: Called Strike 0-1: Ball 1-1: Called Strike 1-2: Foul Ball, location: 2F 1-2: Strikes out looking
|
|
Batting: RHB Jesse Scott
|
0-0: Ball 1-0: Foul Ball, location: 2F 1-1: Called Strike 1-2: Strikes out looking
|
| Bottom of the 6th over - 0 runs, 0 hits, 0 errors, 0 left on base; Corpus Christi 0 - Chattanooga 1 |
| TOP OF THE 7TH |
|
Corpus Christi Hooks batting - Pitching for Chattanooga Lookouts : RHP Bud Puffer
|
|
Batting: RHB Elijah Hunter
|
0-0: Ball 1-0: SINGLE (Line Drive, 78S, EV 94.4 MPH)
|
|
Batting: RHB Bruce Bermudez
|
0-0: Called Strike 0-1: Ball 1-1: Swinging Strike 1-2: Strikes out swinging
|
|
Batting: SHB Paskar Adegoke
|
0-0: Called Strike 0-1: Called Strike 0-2: Ball 1-2: Grounds into double play, 4-6-3 (Groundball, 4, EV 108.1 MPH)
|
| Top of the 7th over - 0 runs, 1 hit, 0 errors, 0 left on base; Corpus Christi 0 - Chattanooga 1 |
| BOTTOM OF THE 7TH |
|
Chattanooga Lookouts batting - Pitching for Corpus Christi Hooks : RHP Joe Rivin
|
|
Pitching: RHP Ray Leuthauser
|
|
|
Batting: RHB Manuel Juarez
|
0-0: Ball 1-0: Ball 2-0: Ball 3-0: Called Strike 3-1: Foul Ball, location: 2F 3-2: Base on Balls
|
|
Batting: LHB Jim Pankratz
|
0-0: Called Strike 0-1: Bunt missed! 0-2: SINGLE (Groundball, 56D, EV 96.9 MPH) Manuel Juarez to second Runner from 2nd tries for 3rd, SAFE, throw by LF made to third
|
|
Batting: SHB Ian Thompson
|
0-0: Ball Jim Pankratz is caught stealing 2nd base 2-6 1-0: Intentional Walk
|
|
Batting: RHB Tony Rivera
|
0-0: Called Strike 0-1: Squeeze Bunt to 5S - play home, runner scores, batter safe! Manuel Juarez scores Ian Thompson to second
|
|
Batting: LHB Peer Derks
|
0-0: Called Strike Ian Thompson steals 3rd base 0-1: Fly out, F7 (Flyball, 7, EV 93.1 MPH)
|
|
Batting: RHB J.J. Powers
|
0-0: Called Strike 0-1: Ball 1-1: Foul Ball, location: 2F 1-2: Fielders Choice at 2nd, 6-4 (Groundball, 6, EV 83.8 MPH)
|
| Bottom of the 7th over - 1 run, 1 hit, 0 errors, 2 left on base; Corpus Christi 0 - Chattanooga 2 |
| TOP OF THE 8TH |
|
Corpus Christi Hooks batting - Pitching for Chattanooga Lookouts : RHP Bud Puffer
|
|
Batting: LHB Jimmy Edlin
|
0-0: Called Strike 0-1: Ball 1-1: SINGLE (Flyball, 3D, EV 88.1 MPH)
|
|
Batting: RHB Sam Spohn
|
0-0: Ball 1-0: Ball 2-0: Foul Ball, location: 2F 2-1: Ball 3-1: Base on Balls Jimmy Edlin to second
|
|
Batting: LHB Bob Dietz
|
0-0: Fielders Choice at 2nd, 3-6 (Groundball, 3, EV 83.8 MPH) Jimmy Edlin to third
|
|
Batting: RHB Masaru Konno
|
0-0: Ball 1-0: Grounds into double play, 6-4-3 (Groundball, 6M, EV 87.5 MPH)
|
| Top of the 8th over - 0 runs, 1 hit, 0 errors, 1 left on base; Corpus Christi 0 - Chattanooga 2 |
| BOTTOM OF THE 8TH |
|
Chattanooga Lookouts batting - Pitching for Corpus Christi Hooks : RHP Ray Leuthauser
|
|
Batting: RHB Miguel Diaz
|
0-0: Ball 1-0: Ball 2-0: Foul Ball, location: 2F 2-1: Ball 3-1: SINGLE (Line Drive, 89S, EV 103.8 MPH)
|
|
Batting: RHB Matt Dunn
|
0-0: Called Strike 0-1: Ball 1-1: Ball 2-1: Foul Ball, location: 2F 2-2: Ball 3-2: Base on Balls Miguel Diaz to second
|
|
Batting: RHB Jesse Scott
|
0-0: Ball 1-0: Foul Ball, location: 2F 1-1: Grounds into double play, 3-6-3 (Groundball, 34, EV 80.6 MPH) Miguel Diaz to third
|
|
Batting: RHB Manuel Juarez
|
0-0: Ball 1-0: Ground out 4-3 (Groundball, 4, EV 86.2 MPH)
|
| Bottom of the 8th over - 0 runs, 1 hit, 0 errors, 1 left on base; Corpus Christi 0 - Chattanooga 2 |
| TOP OF THE 9TH |
|
Corpus Christi Hooks batting - Pitching for Chattanooga Lookouts : RHP Bud Puffer
|
|
Now at 1B: Justin Wenzel
|
|
|
Batting: LHB Kelvin Jones
|
0-0: Swinging Strike 0-1: Swinging Strike 0-2: Strikes out swinging
|
|
Batting: RHB Workneh Lagat
|
0-0: Ball 1-0: TRIPLE (Flyball, 78XD, EV 87.5 MPH)
|
|
Batting: RHB Elijah Hunter
|
0-0: Swinging Strike 0-1: Ground out 6-3 (Groundball, 6, EV 84.4 MPH) Workneh Lagat scores
|
|
Pitching: LHP Inkei Wakamatsu
|
|
|
Batting: RHB Bruce Bermudez
|
0-0: Ball 1-0: Called Strike 1-1: Ground out 1-3 (Groundball, 15S, EV 64.4 MPH)
|
| Top of the 9th over - 1 run, 1 hit, 0 errors, 0 left on base; Corpus Christi 1 - Chattanooga 2 |
|